| TOP OF THE 1ST |
|
Daytona Beach Islanders batting - Pitching for Miami Whales : LHP Xavier Pickhills
|
|
Pitching: LHP Xavier Pickhills
|
|
|
Batting: SHB Michael Frierson
|
0-0: SINGLE (Line Drive, 7LS, EV 105.6 MPH)
|
|
Batting: RHB Kalvin Adams
|
0-0: Ball 1-0: Ball 2-0: Called Strike 2-1: Fly out, F5 (Popup, 6S, EV 73.8 MPH)
|
|
Batting: SHB Randle Granger
|
0-0: Called Strike Michael Frierson steals 2nd base 0-1: Swinging Strike 0-2: SINGLE (Line Drive, 8RS, EV 94.4 MPH) Michael Frierson to third Runner from 3rd tries for Home, SAFE, throw by CF to home
|
|
Batting: RHB Steven Houlberg
|
0-0: Ball 1-0: Foul Ball, location: 2F 1-1: Fielders Choice at 2nd, 5-4 (Groundball, 5, EV 80.0 MPH)
|
|
Batting: RHB Steven Roberts
|
0-0: Called Strike 0-1: Foul Ball, location: 2F 0-2: Ball 1-2: Foul Ball, location: 2F 1-2: Ball 2-2: Foul Ball, location: 2F 2-2: Foul Ball, location: 2F 2-2: Ball 3-2: SINGLE (Flyball, 7S, EV 89.4 MPH) Steven Houlberg to second Steven Houlberg to third
|
|
Batting: RHB Jeffrey Coker
|
0-0: Called Strike 0-1: Ball 1-1: Reached on error, E5 (Groundball, 56S, EV 86.3 MPH) Steven Houlberg scores Steven Roberts to second
|
|
Batting: RHB Robert Whitfield
|
0-0: Ball 1-0: Ball 2-0: Called Strike 2-1: Fielders Choice at 2nd, 5-4 (Groundball, 56, EV 99.4 MPH)
|
| Top of the 1st over - 2 runs, 3 hits, 1 error, 2 left on base; Daytona Beach 2 - Miami 0 |
| BOTTOM OF THE 1ST |
|
Miami Whales batting - Pitching for Daytona Beach Islanders : RHP Steven Christison
|
|
Pitching: RHP Steven Christison
|
|
|
Batting: SHB Ramon Alcantara
|
0-0: Foul Ball, location: 2F 0-1: Called Strike 0-2: Foul Ball, location: 2F 0-2: Reached on error, E6 (Groundball, 6, EV 81.3 MPH)
|
|
Batting: SHB Philip Rossi
|
0-0: Fly out, F8 (Flyball, 8LD, EV 90.6 MPH)
|
|
Batting: RHB Tom Grant
|
0-0: Called Strike 0-1: Foul Ball, location: 2F 0-2: Foul Ball, location: 2F 0-2: Ball 1-2: Ball Ramon Alcantara steals 2nd base 2-2: Ball 3-2: SINGLE (Line Drive, 9S, EV 102.5 MPH) Ramon Alcantara to third Runner from 3rd tries for Home, SAFE, throw by RF to home
|
|
Batting: LHB Lorenzo Bundy
|
0-0: Ball 1-0: Ball 2-0: Foul Ball, location: 2F 2-1: Ball 3-1: Base on Balls Tom Grant to second
|
|
Batting: RHB Steve Benson
|
0-0: Called Strike Tom Grant steals 3rd base Lorenzo Bundy to second 0-1: SINGLE (Line Drive, 89S, EV 94.4 MPH) Tom Grant scores Lorenzo Bundy to third Runner from 3rd tries for Home, SAFE, throw by RF to home
|
|
Batting: RHB Ramon Cardenas
|
0-0: Called Strike 0-1: Ball 1-1: Ball Steve Benson steals 2nd, throwing error, E2 Steve Benson to third 2-1: Ground out 6-3 (Groundball, 6, EV 98.8 MPH) Steve Benson scores
|
|
Batting: RHB Patrick Rubino
|
0-0: Ball 1-0: Swinging Strike 1-1: Ball 2-1: Called Strike 2-2: Ball 3-2: Reached on error, E9 (Flyball, 89XD, EV 78.8 MPH)
|
|
Batting: RHB Butch Rowe
|
0-0: Ball 1-0: Ball 2-0: Called Strike 2-1: Fly out, F9 (Flyball, 9D, EV 96.9 MPH)
|
| Bottom of the 1st over - 4 runs, 2 hits, 3 errors, 1 left on base; Daytona Beach 2 - Miami 4 |
| TOP OF THE 2ND |
|
Daytona Beach Islanders batting - Pitching for Miami Whales : LHP Xavier Pickhills
|
|
Batting: RHB Tarry Boelter
|
0-0: Ball 1-0: Called Strike 1-1: SINGLE (Flyball, 78S, EV 85.6 MPH)
|
|
Batting: RHB Dale Jones
|
0-0: Ball 1-0: Called Strike 1-1: Foul Ball, location: 2F 1-2: DOUBLE (Groundball, 5L, EV 102.5 MPH) Tarry Boelter to third
|
|
Batting: SHB Michael Frierson
|
0-0: Foul Ball, location: 2F 0-1: Foul Ball, location: 2F 0-2: TRIPLE (Flyball, 89XD, EV 96.3 MPH) Tarry Boelter scores Dale Jones scores
|
|
Batting: RHB Kalvin Adams
|
0-0: Ball 1-0: Foul Ball, location: 2F 1-1: Called Strike 1-2: Ball 2-2: Strikes out swinging
|
|
Batting: SHB Randle Granger
|
0-0: Called Strike 0-1: Called Strike 0-2: Foul Ball, location: 2F 0-2: Fly out, F7 (Flyball, 7, EV 86.9 MPH) Runner from 3rd tags up, OUT at HOME! 7-2
|
| Top of the 2nd over - 2 runs, 3 hits, 0 errors, 0 left on base; Daytona Beach 4 - Miami 4 |
| BOTTOM OF THE 2ND |
|
Miami Whales batting - Pitching for Daytona Beach Islanders : RHP Steven Christison
|
|
Batting: RHB Jonathan Cordova
|
0-0: Ball 1-0: Ball 2-0: Ball 3-0: Called Strike 3-1: Called Strike 3-2: Fly out, F2 (Popup, 5SF, EV 81.3 MPH)
|
|
Batting: SHB Ramon Alcantara
|
0-0: Ball 1-0: Ball 2-0: Ground out 3-1 (Groundball, 34, EV 109.4 MPH)
|
|
Batting: SHB Philip Rossi
|
0-0: Ball 1-0: Called Strike 1-1: Foul Ball, location: 2F 1-2: Ground out 4-3 (Groundball, 4D, EV 96.3 MPH)
|
| Bottom of the 2nd over - 0 runs, 0 hits, 0 errors, 0 left on base; Daytona Beach 4 - Miami 4 |
| TOP OF THE 3RD |
|
Daytona Beach Islanders batting - Pitching for Miami Whales : LHP Xavier Pickhills
|
|
Batting: RHB Steven Houlberg
|
0-0: Hit by Pitch
|
|
Batting: RHB Steven Roberts
|
0-0: Ball 1-0: Foul Ball, location: 2F 1-1: Swinging Strike 1-2: Ball 2-2: Foul Ball, location: 2F 2-2: Ball 3-2: Base on Balls Steven Houlberg to second
|
|
Batting: RHB Jeffrey Coker
|
0-0: Ball 1-0: Called Strike 1-1: Foul Ball, location: 2F 1-2: Ball 2-2: Strikes out swinging
|
|
Batting: RHB Robert Whitfield
|
0-0: Called Strike 0-1: Ball Passed Ball! Steven Houlberg to third Steven Roberts to second 1-1: Ball 2-1: Fly out, F9 (Flyball, 9S, EV 93.1 MPH)
|
|
Batting: RHB Tarry Boelter
|
0-0: Called Strike 0-1: Foul Ball, location: 2F 0-2: Strikes out looking
|
| Top of the 3rd over - 0 runs, 0 hits, 0 errors, 2 left on base; Daytona Beach 4 - Miami 4 |
| BOTTOM OF THE 3RD |
|
Miami Whales batting - Pitching for Daytona Beach Islanders : RHP Steven Christison
|
|
Batting: RHB Tom Grant
|
0-0: Swinging Strike 0-1: Called Strike 0-2: Ball 1-2: Ball 2-2: Ball 3-2: Ground out 6-3 (Groundball, 6, EV 85.0 MPH)
|
|
Batting: LHB Lorenzo Bundy
|
0-0: Ball 1-0: Called Strike 1-1: Ball 2-1: Foul Ball, location: 2F 2-2: SINGLE (Groundball, 6D, EV 100.0 MPH)
|
|
Batting: RHB Steve Benson
|
0-0: Fly out, F6 (Popup, 6MS, EV 70.0 MPH)
|
|
Batting: RHB Ramon Cardenas
|
0-0: Ball 1-0: Foul Ball, location: 2F 1-1: Ball 2-1: SINGLE (Line Drive, 56D, EV 97.5 MPH) Lorenzo Bundy to second
|
|
Batting: RHB Patrick Rubino
|
0-0: Swinging Strike 0-1: Foul Ball, location: 2F 0-2: Fly out, F8 (Flyball, 8RXD, EV 100.6 MPH)
|
| Bottom of the 3rd over - 0 runs, 2 hits, 0 errors, 2 left on base; Daytona Beach 4 - Miami 4 |
| TOP OF THE 4TH |
|
Daytona Beach Islanders batting - Pitching for Miami Whales : LHP Xavier Pickhills
|
|
Batting: RHB Dale Jones
|
0-0: Ground out 5-3 (Groundball, 56, EV 104.4 MPH)
|
|
Batting: SHB Michael Frierson
|
0-0: Ball 1-0: Bunt missed! 1-1: Ball 2-1: Ball 3-1: Foul Ball, location: 2F 3-2: Fly out, F8 (Flyball, 89D, EV 91.9 MPH)
|
|
Batting: RHB Kalvin Adams
|
0-0: Foul Ball, location: 2F 0-1: Called Strike 0-2: Ball 1-2: Ball 2-2: Foul Ball, location: 2F 2-2: Ground out 5-3 (Groundball, 56, EV 84.4 MPH)
|
| Top of the 4th over - 0 runs, 0 hits, 0 errors, 0 left on base; Daytona Beach 4 - Miami 4 |
| BOTTOM OF THE 4TH |
|
Miami Whales batting - Pitching for Daytona Beach Islanders : RHP Steven Christison
|
|
Batting: RHB Butch Rowe
|
0-0: Ball 1-0: Called Strike 1-1: Ball 2-1: Called Strike 2-2: Strikes out swinging
|
|
Batting: RHB Jonathan Cordova
|
0-0: Ground out 5-3 (Groundball, 56, EV 110.0 MPH)
|
|
Batting: SHB Ramon Alcantara
|
0-0: Ground out U3 (Groundball, 3L, EV 101.3 MPH)
|
| Bottom of the 4th over - 0 runs, 0 hits, 0 errors, 0 left on base; Daytona Beach 4 - Miami 4 |
| TOP OF THE 5TH |
|
Daytona Beach Islanders batting - Pitching for Miami Whales : LHP Xavier Pickhills
|
|
Batting: SHB Randle Granger
|
0-0: Called Strike 0-1: Ball 1-1: Ball 2-1: SINGLE (Groundball, 6MD, EV 99.4 MPH)
|
|
Batting: RHB Steven Houlberg
|
0-0: Fielders Choice at 2nd, 6-4 (Groundball, 56, EV 87.5 MPH)
|
|
Now at 2B: Alex Dominguez
|
|
|
Batting: RHB Steven Roberts
|
0-0: Ball 1-0: Ball 2-0: Called Strike 2-1: Foul Ball, location: 2F 2-2: Foul Ball, location: 2F 2-2: SINGLE (Groundball, 56D, EV 95.0 MPH) Steven Houlberg to second
|
|
Batting: RHB Jeffrey Coker
|
0-0: Ball 1-0: Ball 2-0: Ball 3-0: Foul Ball, location: 2F 3-1: Foul Ball, location: 2F 3-2: DOUBLE (Flyball, 8LXD, EV 103.8 MPH) Steven Houlberg scores Steven Roberts to third
|
|
Batting: RHB Robert Whitfield
|
0-0: Fly out, F8 (Flyball, 8RD, EV 94.4 MPH) Runner from 3rd tags up, SCORES, throw by CF
|
|
Batting: RHB Tarry Boelter
|
0-0: DOUBLE (Groundball, 5L, EV 100.6 MPH) Jeffrey Coker scores
|
|
Pitching: RHP Michael Befort
|
|
|
Batting: RHB Dale Jones
|
0-0: Ball 1-0: Called Strike 1-1: SINGLE (Groundball, 56D, EV 100.0 MPH) Tarry Boelter to third Runner from 3rd tries for Home, throw by LF and OUT! 7-2
|
| Top of the 5th over - 3 runs, 5 hits, 0 errors, 1 left on base; Daytona Beach 7 - Miami 4 |
| BOTTOM OF THE 5TH |
|
Miami Whales batting - Pitching for Daytona Beach Islanders : RHP Steven Christison
|
|
Batting: SHB Philip Rossi
|
0-0: Ball 1-0: Ball 2-0: Swinging Strike 2-1: Ground out 3-1 (Groundball, 34, EV 83.8 MPH)
|
|
Batting: RHB Tom Grant
|
0-0: Ball 1-0: Ball 2-0: Ball 3-0: Called Strike 3-1: Foul Ball, location: 2F 3-2: Base on Balls
|
|
Batting: LHB Lorenzo Bundy
|
0-0: Swinging Strike 0-1: Foul Ball, location: 2F 0-2: Ball 1-2: Ball 2-2: Ball 3-2: SINGLE (Line Drive, 89M, EV 100.0 MPH) Tom Grant to second Tom Grant to third
|
|
Batting: RHB Steve Benson
|
0-0: Grounds into double play, 6-4-3 (Groundball, 56, EV 106.9 MPH)
|
| Bottom of the 5th over - 0 runs, 1 hit, 0 errors, 1 left on base; Daytona Beach 7 - Miami 4 |
| TOP OF THE 6TH |
|
Daytona Beach Islanders batting - Pitching for Miami Whales : RHP Michael Befort
|
|
Batting: SHB Michael Frierson
|
0-0: Called Strike 0-1: Fly out, F5 (Popup, 25, EV 82.5 MPH)
|
|
Batting: RHB Kalvin Adams
|
0-0: Ball 1-0: SINGLE (Line Drive, 7S, EV 95.6 MPH)
|
|
Batting: SHB Randle Granger
|
0-0: Ball 1-0: Foul Ball, location: 2F 1-1: Called Strike 1-2: Strikes out swinging
|
|
Batting: RHB Steven Houlberg
|
0-0: Ball 1-0: Swinging Strike 1-1: Ball 2-1: Foul Ball, location: 2F 2-2: Ball 3-2: Base on Balls Kalvin Adams to second
|
|
Batting: RHB Steven Roberts
|
0-0: Ball 1-0: Foul Ball, location: 2F 1-1: Called Strike 1-2: Fly out, F8 (Flyball, 89M, EV 86.9 MPH)
|
| Top of the 6th over - 0 runs, 1 hit, 0 errors, 2 left on base; Daytona Beach 7 - Miami 4 |
| BOTTOM OF THE 6TH |
|
Miami Whales batting - Pitching for Daytona Beach Islanders : RHP Steven Christison
|
|
Batting: RHB Ramon Cardenas
|
0-0: Fly out, F5 (Popup, 56S, EV 75.0 MPH)
|
|
Batting: RHB Patrick Rubino
|
0-0: Ball 1-0: Foul Ball, location: 2F 1-1: Ground out 5-3 (Groundball, 5S, EV 80.0 MPH)
|
|
Batting: RHB Butch Rowe
|
0-0: Ground out 6-3 (Groundball, 6, EV 81.9 MPH)
|
| Bottom of the 6th over - 0 runs, 0 hits, 0 errors, 0 left on base; Daytona Beach 7 - Miami 4 |
| TOP OF THE 7TH |
|
Daytona Beach Islanders batting - Pitching for Miami Whales : RHP Michael Befort
|
|
Batting: RHB Jeffrey Coker
|
0-0: Ball 1-0: Ball 2-0: Ground out 4-3 (Groundball, 4, EV 84.4 MPH)
|
|
Batting: RHB Robert Whitfield
|
0-0: Ball 1-0: Called Strike 1-1: Ball 2-1: Swinging Strike 2-2: Foul Ball, location: 2F 2-2: Strikes out swinging
|
|
Pitching: LHP Wilfredo Flores
|
|
|
Batting: RHB Tarry Boelter
|
0-0: Called Strike 0-1: Ball 1-1: Ball 2-1: Swinging Strike 2-2: Strikes out swinging
|
| Top of the 7th over - 0 runs, 0 hits, 0 errors, 0 left on base; Daytona Beach 7 - Miami 4 |
| BOTTOM OF THE 7TH |
|
Miami Whales batting - Pitching for Daytona Beach Islanders : RHP Steven Christison
|
|
Batting: RHB Jonathan Cordova
|
0-0: Ball 1-0: Called Strike 1-1: Foul Ball, location: 2F 1-2: Ball 2-2: Ground out 5-3 (Groundball, 5, EV 93.8 MPH)
|
|
Batting: RHB Alex Dominguez
|
0-0: Called Strike 0-1: Ball 1-1: Foul Ball, location: 2F 1-2: Ball 2-2: Ball 3-2: Base on Balls
|
|
Batting: SHB Philip Rossi
|
0-0: Fielders Choice at 2nd, 4-6 (Groundball, 4, EV 91.3 MPH)
|
|
Batting: RHB Tom Grant
|
0-0: Ball 1-0: Foul Ball, location: 2F 1-1: Called Strike 1-2: Fly out, F8 (Flyball, 8LM, EV 98.1 MPH)
|
| Bottom of the 7th over - 0 runs, 0 hits, 0 errors, 1 left on base; Daytona Beach 7 - Miami 4 |
| TOP OF THE 8TH |
|
Daytona Beach Islanders batting - Pitching for Miami Whales : LHP Wilfredo Flores
|
|
Batting: RHB Dale Jones
|
0-0: Ball 1-0: Ball 2-0: Called Strike 2-1: Ground out 1-3 (Groundball, 13, EV 70.6 MPH)
|
|
Batting: SHB Michael Frierson
|
0-0: Ball 1-0: Foul Ball, location: 2F 1-1: Swinging Strike 1-2: Ball 2-2: Strikes out swinging
|
|
Batting: RHB Kalvin Adams
|
0-0: Ball 1-0: Ball 2-0: Ball 3-0: Base on Balls
|
|
Batting: SHB Randle Granger
|
0-0: Ball 1-0: Called Strike 1-1: Ball 2-1: Fly out, F4 (Popup, 4MD, EV 48.8 MPH)
|
| Top of the 8th over - 0 runs, 0 hits, 0 errors, 1 left on base; Daytona Beach 7 - Miami 4 |
| BOTTOM OF THE 8TH |
|
Miami Whales batting - Pitching for Daytona Beach Islanders : RHP Steven Christison
|
|
Batting: LHB Lorenzo Bundy
|
0-0: Ball 1-0: SINGLE (Groundball, 6D, EV 104.4 MPH)
|
|
Batting: RHB Steve Benson
|
0-0: Ball Wild Pitch! Lorenzo Bundy to second 1-0: Foul Ball, location: 2F 1-1: Foul Ball, location: 2F 1-2: Foul Ball, location: 2F 1-2: Fly out, F7 (Flyball, 7D, EV 91.9 MPH) Runner from 2nd tags up, SAFE at 3rd with throw by LF
|
|
Batting: RHB Ramon Cardenas
|
0-0: Called Strike 0-1: Ball 1-1: Ball 2-1: Fly out, F8 (Line Drive, 8LD, EV 92.5 MPH) Runner from 3rd tags up, SCORES, no throw by CF
|
|
Batting: RHB Patrick Rubino
|
0-0: Ball 1-0: Called Strike 1-1: Ball 2-1: Foul Ball, location: 2F 2-2: SINGLE (Groundball, 34D, EV 110.0 MPH)
|
|
Pitching: LHP Richard Ford
|
|
|
Batting: RHB Butch Rowe
|
0-0: Ball 1-0: Ball 2-0: Ball 3-0: Base on Balls Patrick Rubino to second
|
|
Pinch Hitting: RHB Rafael Ortega
|
0-0: Fly out, F7 (Flyball, 7LM, EV 98.1 MPH)
|
| Bottom of the 8th over - 1 run, 2 hits, 0 errors, 2 left on base; Daytona Beach 7 - Miami 5 |
| TOP OF THE 9TH |
|
Daytona Beach Islanders batting - Pitching for Miami Whales : LHP Wilfredo Flores
|
|
Now in RF: Rafael Ortega
|
|
|
Batting: RHB Steven Houlberg
|
0-0: Called Strike 0-1: Swinging Strike 0-2: Strikes out looking
|
|
Batting: RHB Steven Roberts
|
0-0: Ball 1-0: Called Strike 1-1: Ball 2-1: Called Strike 2-2: Foul Ball, location: 2F 2-2: Ball 3-2: Base on Balls
|
|
Batting: RHB Jeffrey Coker
|
0-0: Called Strike 0-1: Fly out, F8 (Flyball, 8RD, EV 83.1 MPH)
|
|
Batting: RHB Robert Whitfield
|
0-0: Called Strike 0-1: Swinging Strike 0-2: Ball 1-2: Ball 2-2: Strikes out looking
|
| Top of the 9th over - 0 runs, 0 hits, 0 errors, 1 left on base; Daytona Beach 7 - Miami 5 |
| BOTTOM OF THE 9TH |
|
Miami Whales batting - Pitching for Daytona Beach Islanders : LHP Richard Ford
|
|
Batting: RHB Alex Dominguez
|
0-0: Called Strike 0-1: Foul Ball, location: 2F 0-2: Ground out 6-3 (Groundball, 6, EV 86.3 MPH)
|
|
Batting: SHB Philip Rossi
|
0-0: Called Strike 0-1: Foul Ball, location: 2F 0-2: Ball 1-2: Ground out 6-3 (Groundball, 6, EV 80.6 MPH)
|
|
Batting: RHB Tom Grant
|
0-0: Ball 1-0: Ball 2-0: Ball 3-0: Base on Balls
|
|
Batting: LHB Lorenzo Bundy
|
0-0: Ball 1-0: Ball 2-0: Ball 3-0: Base on Balls Tom Grant to second
|
|
Batting: RHB Steve Benson
|
0-0: Ball 1-0: Foul Ball, location: 2F 1-1: Fielders Choice at 2nd, 6-4 (Groundball, 6, EV 84.4 MPH)
|
| Bottom of the 9th over - 0 runs, 0 hits, 0 errors, 2 left on base; Daytona Beach 7 - Miami 5 |
|